 Dungeon Crawl Stone Soup version 0.22-a0-135-g6f012ad (webtiles) character file.

426 Darius099 the Magician (level 7, 0/46 HPs)
             Began as a Human Wizard on Jan 31, 2018.
             Slain by a slave (9 damage)
             ... led by Pikel
             ... on level 5 of the Dungeon.
             The game lasted 00:32:31 (4975 turns).

Darius099 the Magician (Human Wizard)               Turns: 4975, Time: 00:32:32

Health: 0/46       AC:  2    Str:  7    XL:     7   Next: 18%
Magic:  2/14       EV: 13    Int: 21    God:
Gold:   217        SH:  0    Dex: 11    Spells: 2/15 levels left

rFire    + . .     SeeInvis +   j - +0 short sword
rCold    + . .     Gourm    .   (no shield)
rNeg     . . .     Faith    .   a - +0 robe
rPois    .         Spirit   .   b - +0 hat
rElec    .         Reflect  .   k - scarf {rC+ rF+}
rCorr    +         Harm     .   (no gloves)
MR       .....                  (no boots)
Stlth    ++........             (no amulet)
HPRegen  0.15/turn              l - ring of see invisible
MPRegen  0.14/turn              n - ring of resist corrosion

@: no status effects
A: no striking features
a: no special abilities


You were on level 5 of the Dungeon.
You were not hungry.

You visited 1 branch of the dungeon, and saw 5 of its levels.

You collected 217 gold pieces.

Inventory:

Hand Weapons
 j - a +0 short sword (weapon)
Armour
 a - a +0 robe (worn)
 b - a +0 hat (worn)
 k - a scarf of resistance (worn)
Jewellery
 l - a ring of see invisible (left hand)
 n - a ring of resist corrosion (right hand)
Wands
 p - a wand of disintegration (6)
Scrolls
 e - 4 scrolls of remove curse {unknown}
 g - 8 scrolls of identify {unknown}
 h - 2 scrolls of teleportation {unknown}
 i - 2 scrolls of enchant armour {unknown}
 o - 2 scrolls of fear {unknown}
 r - a scroll of enchant weapon {unknown}
 v - a scroll of fog {unknown}
 w - a scroll of acquirement {unknown}
Potions
 f - a potion of invisibility {unknown}
 m - 2 potions of curing {unknown}
 q - 2 potions of brilliance {unknown}
 s - a potion of degeneration {unknown}
 t - 2 potions of magic {unknown}
 x - a potion of flight {unknown}
Books
 c - a book of Minor Magic

   Spells                             Type                      Level
   a - Magic Dart                     Conjuration                  1
   b - Blink                          Translocation                2
   c - Call Imp                       Summoning                    2
   d - Slow                           Hexes                        2
   e - Conjure Flame                  Conjuration/Fire             3
   f - Mephitic Cloud                 Conjuration/Poison/Air       3
 u - a book of Maledictions

   Spells                             Type                      Level
   a - Corona                         Hexes                        1
   b - Ensorcelled Hibernation        Hexes/Ice                    2
   c - Confuse                        Hexes                        3
   d - Tukima's Dance                 Hexes                        3
   e - Dazzling Spray                 Conjuration/Hexes            3
Comestibles
 d - 6 rations


   Skills:
 + Level 3.6 Dodging
 - Level 2.1 Stealth
 - Level 0.7 Unarmed Combat
 + Level 4.8 Spellcasting
 + Level 2.9 Conjurations
 + Level 1.0 Hexes
 + Level 2.9 Summonings
 - Level 1.0 Translocations


You had 2 spell levels left.
You knew the following spells:

 Your Spells              Type           Power        Failure   Level  Hunger
a - Magic Dart            Conj           ###.         3%          1    None
b - Blink                 Tloc           N/A          11%         2    None
c - Call Imp              Summ           ###.....     4%          2    None
d - Mephitic Cloud        Conj/Pois/Air  #.......     22%         3    ##.....
e - Confuse               Hex            #.......     22%         3    ##.....
f - Ensorcelled Hibernat  Hex/Ice        #.....       14%         2    None


Dungeon Overview and Level Annotations

Branches:
Dungeon (5/15)
 Temple: D:4-7

Altars:
Gozag
Hepliaklqana
Trog
Wu Jian

Annotations:
D:4 Pikel


Message History

Press: ? - help, Shift-Dir - straight line, f - ogre
Aim: an ogre, wielding a giant spiked club (chance to defeat MR: 65%)
The ogre is blasted.
The quokka skeleton barely misses you.
Aiming: Disintegrate
Press: ? - help, Shift-Dir - straight line, f/p - ogre
Aim: an ogre, wielding a giant spiked club (severely wounded, chance to defeat MR: 65%)
The ogre is blasted.
You blow up the ogre!
Your Hexes skill increases to level 1!
You have reached level 7!
The quokka skeleton closely misses you.
Casting: Blink (safe; 11% risk of failure)
Confirm with . or Enter, or press ? or * to list all spells.
You blink.
You see here 18 stones.
Things that are here:
a robe; a long sword; the orc corpse of Blork the orc The slave shouts!
You hear a shout!
The slave hits you!
You die...

#. #.......#
#.####......)#
#...# .....
###.#####.###
#<..........#
#.#.###.###.#
#.#.....# #.####
#>#....p###....#
#.....@......#(#
#######.#....#
.. #....### ..#
###....# ># ..
#.# #.##.# #
..## #.#
##[##... . ...
#.# #...# ###
#.##.##.# #.(.#
#......># #...#


You could see a slave.

Vanquished Creatures
  2 ogres
  A hound skeleton (D:4)
  A gnoll (D:3)
  3 adders
  An ooze (D:3)
  An adder skeleton (D:4)
  A worm (D:2)
  2 dart slugs
  A leopard gecko (D:3)
  4 orcs
  A ball python (D:3)
  7 bats
  3 giant cockroaches
  3 hobgoblins
  6 jackals
  7 kobolds
  A quokka (D:4)
  2 frilled lizards
  5 rats
52 creatures vanquished.

Vanquished Creatures (collateral kills)
  Blork the orc (D:5)
  A jelly (D:5)
  A bullfrog skeleton (D:2)
  An orc wizard (D:3)
  3 gnolls (D:3)
  6 adders
  A worm (D:3)
  2 dart slugs
  3 leopard geckos
  5 orcs (D:3)
  A giant cockroach (D:4)
  4 goblins
  A hobgoblin (D:1)
  2 jackals
  2 quokkas (D:2)
  4 bats (D:2)
  A frilled lizard (D:3)
  3 kobolds
  2 rats
44 creatures vanquished.

Grand Total: 96 creatures vanquished

Notes
Turn   | Place    | Note
-------+----------+-------------------------------------------
     0 | D:1      | Darius099 the Human Wizard began the quest for the Orb.
     0 | D:1      | Reached XP level 1. HP: 13/13 MP: 4/4
   143 | D:1      | Reached XP level 2. HP: 18/19 MP: 0/6
   286 | D:1      | Learned a level 2 spell: Blink
   289 | D:1      | Learned a level 2 spell: Call Imp
   719 | D:1      | Reached XP level 3. HP: 20/24 MP: 1/8
   724 | D:1      | Learned a level 3 spell: Mephitic Cloud
  1250 | D:2      | Reached skill level 4 in Spellcasting
  1254 | D:2      | Reached XP level 4. HP: 30/30 MP: 2/10
  1854 | D:3      | Reached XP level 5. HP: 35/35 MP: 6/11
  1866 | D:3      | Noticed an ogre
  2663 | D:3      | Found an ornate altar of the Wu Jian Council.
  2667 | D:3      | Found an opulent altar of Gozag.
  2680 | D:3      | Found a bloodstained altar of Trog.
  2683 | D:3      | Found a hazy altar of Hepliaklqana.
  2872 | D:3      | Killed an ogre
  2872 | D:3      | Reached XP level 6. HP: 41/41 MP: 2/12
  4581 | D:4      | Learned a level 3 spell: Confuse
  4584 | D:4      | Learned a level 2 spell: Ensorcelled Hibernation
  4729 | D:5      | Entered Level 5 of the Dungeon
  4758 | D:5      | Noticed Blork the orc
  4767 | D:5      | Killed Blork the orc
  4791 | D:5      | Noticed a slave
  4792 | D:5      | Noticed a slave
  4793 | D:5      | Noticed Pikel
  4796 | D:5      | Noticed a slave
  4798 | D:5      | Noticed a slave
  4937 | D:5      | Noticed an ogre
  4952 | D:5      | Noticed an ogre
  4956 | D:5      | Killed an ogre
  4956 | D:5      | Reached skill level 1 in Hexes
  4956 | D:5      | Reached XP level 7. HP: 6/46 MP: 1/14
  4975 | D:5      | Slain by a slave

Vault maps used:
D:1:      lightli_arrival_noodles, serial_park_tiny_pond
D:2:      first_ration, hangedman_decor_riveting
D:3:      grunt_temple_overflow_cloverleaf
D:5:      minmay_temple_entry_hall, basic_altar, doesnt_xom_only_xom,
          uniq_pikel, uniq_edmund, uniq_blork_the_orc, uniq_grinder

Skill      XL: |  1  2  3  4  5  6 |
---------------+-------------------+-----
Spellcasting   | 4 |  4.8
Conjurations   | 2 |  2.9
Dodging        | 3 |  3.6
Summonings     | 2 |  2.9
Hexes          | 1 |  1.0
Stealth        | |  2.1
Unarmed Combat | |  0.7
Translocations | |  1.0

Action                   |  1- 3 |  4- 6 |  7- 9 || total
-------------------------+-------+-------+-------++-------
Melee: Unarmed           |    59 |       |       ||    59
       Short sword       |     3 |    55 |       ||    58
 Cast: Magic Dart        |    52 |    84 |       ||   136
       Call Imp          |    10 |    38 |       ||    48
       Mephitic Cloud    |       |    10 |       ||    10
       Blink             |       |     6 |     1 ||     7
Evoke: Wand              |       |     1 |     1 ||     2
 Stab: Confused          |       |     1 |       ||     1
       Sleeping          |       |     1 |       ||     1
  Eat: Ration            |     1 |     3 |       ||     4
       Chunk             |       |     1 |       ||     1
Armor: Robe              |    18 |    10 |       ||    28
Dodge: Dodged            |    65 |    75 |     1 ||   141

Table legend:
 A = Spawn XP
 B = Non-spawn XP
 C = Spawn XP percentage of total XP
 D = Spawn monster count
 E = Non-spawn monster count
 F = Spawn count percentage of total count
 G = Total turns spent on level
                    A         B        C        D         E        F      G
               +---------+---------+-------+---------+---------+-------+---------
         Total |       0 |     609 |   0.0 |       0 |      96 |   0.0 |  4975
               +---------+---------+-------+---------+---------+-------+---------
           D:1 |       0 |      36 |   0.0 |       0 |      23 |   0.0 |   915
           D:2 |       0 |      94 |   0.0 |       0 |      26 |   0.0 |  1359
           D:3 |       0 |     212 |   0.0 |       0 |      33 |   0.0 |  1601
           D:4 |       0 |      68 |   0.0 |       0 |      11 |   0.0 |   951
           D:5 |       0 |     199 |   0.0 |       0 |       3 |   0.0 |   149
               +---------+---------+-------+---------+---------+-------+---------
